 Dungeon Crawl Stone Soup version 0.22.1-1-ga44c0e5 (webtiles) character file.

23 Folque the Magician (level 2, -1/18 HPs)
             Began as an Octopode Wizard on Oct 8, 2018.
             Slain by an adder (2 damage)
             ... on level 2 of the Dungeon.
             The game lasted 00:02:52 (1468 turns).

Folque the Magician (Octopode Wizard)               Turns: 1468, Time: 00:02:53

Health: -1/18      AC:  1    Str:  3 (6)  XL:     2   Next: 95%
Magic:  1/6        EV: 13    Int: 17 (20) God:
Gold:   53         SH:  0    Dex:  7 (10) Spells: 2/7 levels left

rFire    . . .     SeeInvis .   g - +0 spear
rCold    . . .     Gourm    .   (no shield)
rNeg     . . .     Faith    .   a - +0 hat
rPois    .         Spirit   .   (no amulet)
rElec    .         Reflect  .   (no ring)
rCorr    .         Harm     .   (no ring)
MR       .....                  (no ring)
Stlth    +++.......             (no ring)
HPRegen  0.06/turn              (no ring)
MPRegen  0.10/turn              (no ring)
                                (no ring)
                                (no ring)

@: lethally poisoned (-1 -> -7)
A: almost no armour, stealthy swim, amphibious, 8 rings, constrict 8, camouflage
1, gelatinous body 1
a: no special abilities


You were on level 2 of the Dungeon.
You were not hungry.

You visited 1 branch of the dungeon, and saw 2 of its levels.

You collected 53 gold pieces.

Inventory:

Hand Weapons
 g - a +0 spear (weapon)
 k - a cursed -3 flail
Missiles
 j - 18 sling bullets
Armour
 a - a +0 hat (worn)
Jewellery
 f - an uncursed ring of protection from fire {unknown}
 h - a +5 ring of dexterity {unknown}
 l - a +3 amulet of reflection {unknown}
Scrolls
 d - a scroll of noise {unknown}
 e - a scroll of enchant armour {unknown}
Potions
 b - a potion of curing {unknown}
 i - a potion of degeneration
Comestibles
 c - 4 rations


   Skills:
 * Level 1.6 Fighting
 - Level 2.0 Dodging
 - Level 2.6 Stealth
 + Level 3.2 Spellcasting
 + Level 1.5 Conjurations
 - Level 1.0 Summonings
 - Level 1.0 Translocations


You had 2 spell levels left.
You knew the following spells:

 Your Spells              Type           Power        Failure   Level  Hunger
a - Magic Dart            Conj           #...         9%          1    None
b - Call Imp              Summ           #.......     17%         2    ##.....
c - Blink                 Tloc           N/A          17%         2    ##.....

Your spell library contained the following spells:

 Spells                   Type           Power        Failure   Level  Hunger
 Slow                     Hex            #.......     26%         2    ##.....
 Conjure Flame            Conj/Fire      #.......     36%         3    ###....
 Mephitic Cloud           Conj/Pois/Air  #.......     38%         3    ###....


Dungeon Overview and Level Annotations

Branches:
Dungeon (2/15)

Altars:
The Shining One

Annotations:
D:2 Robin


Innate Abilities, Weirdness & Mutations

You cannot wear most types of armour.
You are very stealthy in the water. (Stealth+)
You are amphibious.
You can wear up to eight rings at the same time.
You can use your tentacles to constrict eight enemies at once.
Your skin changes colour to match your surroundings (Stealth+).
Your rubbery body absorbs attacks. (AC +1, EV +1)


Message History

Aim: an adder (moderately wounded)
The magic dart hits the adder.
The adder is heavily wounded.
The adder bites you.
* * * LOW HITPOINT WARNING * * *
Your crimson imp barely misses the adder.
The adder barely misses you.
Casting: Magic Dart (safe; 8% risk of failure)
Confirm with . or Enter, or press ? or * to list all spells.
A metallic apparition takes form in the air.
Your crimson imp misses the adder.
The adder bites you.
* * * LOW HITPOINT WARNING * * *
You are lethally poisoned!
The adder poisons you!
It was a potion of degeneration.
There was something very wrong with that liquid.
You feel weakened.
You feel dopey.
You feel clumsy.
* * * LOW HITPOINT WARNING * * *
You feel sick. The adder bites you.
You die... ... .. ..## ..### # ....# .. gggg

#.###.#.###.#..... ..
##.#.....55.......g.# ...
.......<@S.# #.#g#g.#....
.....?......##....)l#....
........$.#.##.#lg..#.%..
................5(..##.#[
........>......รท5........
####......#.....)..#..#..
####.###....<.#..ggggg #.#
#...(..#....#.g
...........#..#?.


You could see an adder, a friendly iron imp and a friendly crimson imp.

Vanquished Creatures
  A dart slug (D:2)
  A giant cockroach (D:1)
  3 goblins (D:2)
  4 hobgoblins
  2 quokkas
  A bat (D:2)
  A rat (D:1)
13 creatures vanquished.

Vanquished Creatures (collateral kills)
  A worm (D:2)
  A goblin (D:2)
  3 hobgoblins (D:2)
5 creatures vanquished.

Grand Total: 18 creatures vanquished

Notes
Turn   | Place    | Note
-------+----------+-------------------------------------------
     0 | D:1      | Folque the Octopode Wizard began the quest for the Orb.
     0 | D:1      | Reached XP level 1. HP: 11/11 MP: 4/4
   394 | D:1      | Found a glowing golden altar of the Shining One.
  1084 | D:2      | Reached skill level 1 in Fighting
  1084 | D:2      | Reached XP level 2. HP: 18/18 MP: 6/6
  1117 | D:1      | Learned a level 2 spell: Call Imp
  1120 | D:1      | Learned a level 2 spell: Blink
  1227 | D:2      | Noticed Robin
  1468 | D:2      | Slain by an adder

Skill      XL: |  1 |
---------------+----+-----
Fighting       | 1 |  1.6
Dodging        | |  2.0
Stealth        | |  2.6
Spellcasting   | |  3.2
Conjurations   | |  1.5
Summonings     | |  1.0
Translocations | |  1.0

Action                   || total
-------------------------++-------
Melee: Unarmed           ||    11
       Spear             ||    31
       Constrict         ||     8
       Tentacles         ||     5
 Cast: Magic Dart        ||     9
       Call Imp          ||     6
  Use: Potion            ||     1
 Stab: Sleeping          ||     8
  Eat: Chunk             ||     2
Armor: Skin              ||     1
Dodge: Dodged            ||    22
